 Dungeon Crawl Stone Soup version 0.28-a0-998-gb9e9c7b (webtiles) character file.

Game seed: 15260656301427327692

2706 HDogLeCool the Cudgeller (level 9, -10/63 HPs)
             Began as a Demonspawn Fighter on Dec 5, 2021.
             Was an Elder of Hepliaklqana.
             Mangled by a slime creature (16 damage)
             ... on level 7 of the Dungeon.
             The game lasted 00:19:32 (6161 turns).

HDogLeCool the Cudgeller (Demonspawn Fighter)       Turns: 6161, Time: 00:19:34

Health: -10/63     AC: 14    Str: 20    XL:     9   Next: 39%
Magic:  9/9        EV:  7    Int: 10    God:    Hepliaklqana [****..]
Gold:   382        SH:  6    Dex: 21    Spells: 8/8 levels left

rFire   . . .      SeeInvis .   f - +1 mace (venom)
rCold   . . .      Faith    .   c - +0 buckler
rNeg    . . .      Spirit   .   G - +3 chain mail
rPois   .          Reflect  .   (helmet restricted)
rElec   .          Harm     .   B - +0 cloak
rCorr   .          Rampage  .   (no gloves)
Will    .....                   (no boots)
Stlth   ..........              (no amulet)
HPRegen 0.20/turn               d - +6 ring of dexterity
MPRegen 0.11/turn               (no ring)

@: mighty, mesmerised
A: reduced essence, antennae 1, thin skeletal structure 1, powered by death 2,
powered by pain 2
a: Renounce Religion, Recall Ancestor, Ancestor Identity, Transference, Idealise


You were on level 7 of the Dungeon.
You worshipped Hepliaklqana.
Hepliaklqana was greatly pleased with you.
You visited 1 branch of the dungeon, and saw 7 of its levels.

You collected 382 gold pieces.

Inventory:

Hand Weapons
 a - a +0 long sword
 f - a +1 mace of venom (weapon)
Missiles
 e - 225 stones (quivered)
Armour
 c - a +0 buckler (worn)
 w - a +1 leather armour of cold resistance
 A - a +0 plate armour
 B - a +0 cloak (worn)
 G - a +3 chain mail (worn)
Jewellery
 d - a +6 ring of dexterity (left hand)
Wands
 z - a wand of mindburst (7)
 C - a wand of polymorph (29)
Scrolls
 g - 4 scrolls of silence {unknown}
 h - a scroll of enchant weapon {unknown}
 j - 2 scrolls of fear {unknown}
 m - 2 scrolls of noise {unknown}
 o - a scroll of magic mapping {unknown}
 q - 3 scrolls of fog {unknown}
 r - 2 scrolls of acquirement {unknown}
 s - 2 scrolls of teleportation {unknown}
 x - 3 scrolls of identify {unknown}
 y - a scroll of amnesia {unknown}
Potions
 i - 3 potions of curing
 k - a potion of lignification {unknown}
 l - 4 potions of heal wounds {unknown}
 n - a potion of mutation {unknown}
 t - 2 potions of magic
 u - a potion of flight {unknown}
 v - a potion of berserk rage {unknown}
 D - a potion of resistance {unknown}
 E - 2 potions of attraction {unknown}
 F - a potion of might


   Skills:
 + Level 6.9 Fighting
 - Level 3.0 Long Blades
 * Level 7.6 Maces & Flails
 + Level 6.3 Armour
 - Level 4.0 Shields


You had 8 spell levels left.
You didn't know any spells.
Your spell library contained the following spells:

 Spells                   Type           Power      Damage    Failure   Level
 Shock                    Conj/Air       0%         1d3       97%         1
 Gell's Gravitas          Tloc           0%         N/A       100%        3
 Lesser Beckoning         Tloc           0%         N/A       100%        3
 Portal Projectile        Hex/Tloc       0%         N/A       100%        3
 Swiftness                Air            0%         N/A       100%        3
 Teleport Other           Tloc           0%         N/A       100%        3
 Airstrike                Air            0%         N/A       100%        4
 Summon Lightning Spire   Summ/Air       0%         N/A       100%        4
 Blade Hands              Tmut           0%         N/A       100%        5
 Excruciating Wounds      Necr           0%         N/A       100%        5
 Lightning Bolt           Conj/Air       0%         1d11      100%        5


Dungeon Overview and Level Annotations

Branches:
Dungeon (7/15)             Temple (0/1) D:4

Altars:
Hepliaklqana
Trog

Annotations:
D:7 Maggie


Innate Abilities, Weirdness & Mutations

Your life essence is reduced to manifest your ancestor. (-10% HP)
You have a pair of small antennae on your head.
You have a somewhat thin skeletal structure. (Dex +2, Stealth+)
You regenerate health from kills.
You sometimes gain power by taking damage.


Message History

You are mesmerised by Maggie!
An enormous slime creature splits.
You see here a +2 rapier of protection.
You block the slime creature's attack.
Vojtech hits Maggie with a +0 flail.
A large slime creature splits.
Maggie gestures at you while chanting. The bolt of fire hits you!!
The slime creature hits Vojtech but does no damage.
You cannot move away from Maggie!
The slime creature closely misses you.
Vojtech hits the slime creature with a +0 flail!
Maggie says, "How do the people who live here stand the isolation?"
Maggie hits you with a +0 long sword of pain.
You writhe in agony.
The slime creature barely misses Vojtech.
You cannot move away from Maggie!
You feel better. The slime creature hits you.
Vojtech hits the slime creature with a +0 flail!
Maggie hits you with a +0 long sword of pain.
A large slime creature splits.
Two slime creatures merge to form a large slime creature.
Vojtech blocks the slime creature's attack.
Two slime creatures merge to form a very large slime creature.
You sock Maggie!
Maggie is poisoned.
Maggie is moderately wounded.
Vojtech hits the slime creature with a +0 flail!
Maggie casts a spell.
Maggie draws you further into her thrall.
The slime creature hits you.
The slime creature hits Vojtech!
The slime creature hits you!
* * * LOW HITPOINT WARNING * * *
You focus on the pain.
You feel very mighty all of a sudden.
It was a potion of magic.
Magic courses through your body.
The very large slime creature barely misses you.
Vojtech barely misses the slime creature.
Maggie hits you but does no damage. The slime creature hits you.
* * * LOW HITPOINT WARNING * * *
The slime creature hits Vojtech.
The slime creature hits you!
You die...

#.# ###########.#...###.# #.#
#...........#.#.###.# #.#
#.###########.#..##.. #.#
#.######....#.##.####
#.#####.#.........#.##..#
#.#.....#........<#.###)###
#####.#.#####....)....#.#.))...
###...J.......J.@J......#.#......
.....##.#R#####R@J.....##.#.[....
.....##.#.......J########.#......
...J.##.#........# #.#......
###.########.....# #.#......
##@## #.....# #......## #.R.#
####### #..#.#.# #...# #..#.#.##
#.J.# ##..#.#..# .....#
#.........


You could see the friendly Vojtech the knight, a very large slime creature, 3
slime creatures and Maggie (mesmerising, very poisoned).

Vanquished Creatures
  Eustachio (D:4)
  A sky beast (D:6)
  An ogre (D:6)
  A necrophage (D:6)
  A kobold brigand (D:5)
  4 scorpions
  3 killer bees (D:4)
  A wight (D:6)
  A hound (D:4)
  Crazy Yiuf (D:4)
  4 orc priests
  An orc wizard (D:6)
  A killer bee zombie (D:6)
  A gnoll (D:5)
  4 adders
  A white imp (D:6)
  An adder skeleton (D:4)
  A worm (D:2)
  A dart slug (D:3)
  7 orcs
  7 bats
  3 endoplasms
  2 goblins
  3 hobgoblins
  2 jackals (D:4)
  6 quokkas
  3 frilled lizards
  8 kobolds
  6 rats
77 creatures vanquished.

Vanquished Creatures (collateral kills)
  2 water moccasins
  2 necrophages
  2 phantoms
  A gnoll sergeant (D:5)
  A scorpion (D:4)
  A wyvern zombie (D:6)
  3 wights
  2 centaur zombies
  2 jellies
  2 bullfrog skeletons (D:5)
  A centaur skeleton (D:4)
  2 iguanas
  An orc wizard (D:7)
  2 gnolls (D:5)
  A howler monkey skeleton (D:6)
  3 adders
  A shadow imp (D:6)
  A worm (D:2)
  A dart slug (D:2)
  7 orcs
  An endoplasm (D:2)
  3 hobgoblins
  A jackal (D:4)
  5 kobolds
  2 quokkas (D:4)
  2 ball pythons
  5 goblins
  A rat (D:2)
58 creatures vanquished.

Grand Total: 135 creatures vanquished

Notes
Turn   | Place    | Note
-------+----------+-------------------------------------------
     0 | D:1      | HDogLeCool the Demonspawn Fighter began the quest for the
                  | Orb.
     0 | D:1      | Reached XP level 1. HP: 18/18 MP: 1/1
   226 | D:1      | Found a faded altar of an unknown god.
   261 | D:1      | Prayed at the altar of an unknown god.
   261 | D:1      | Became a worshipper of Hepliaklqana the Forgotten
   261 | D:1      | Reached * piety under Hepliaklqana
   545 | D:1      | Gained mutation: You sometimes gain a little power by
                  | taking damage. [demonic ancestry]
   545 | D:1      | Reached XP level 2. HP: 21/21 MP: 2/2
  1312 | D:2      | Gained mutation: You regenerate a little health from kills.
                  | [demonic ancestry]
  1312 | D:2      | Reached XP level 3. HP: 26/26 MP: 3/3
  1325 | D:2      | Reached ** piety under Hepliaklqana
  1328 | D:2      | Remembered your ancestor Vojtech as a knight
  1776 | D:3      | Noticed a scorpion
  1781 | D:3      | Killed a scorpion
  1782 | D:3      | Gained mutation: You regenerate health from kills. [demonic
                  | ancestry]
  1782 | D:3      | Reached XP level 4. HP: 31/31 MP: 4/4
  2178 | D:3      | Reached XP level 5. HP: 31/36 MP: 5/5
  2622 | D:3      | Found a bloodstained altar of Trog.
  2884 | D:4      | Reached skill level 1 in Maces & Flails
  3022 | D:4      | Reached *** piety under Hepliaklqana
  3084 | D:4      | Reached skill level 2 in Maces & Flails
  3084 | D:4      | Gained mutation: You have a somewhat thin skeletal
                  | structure. (Dex +2, Stealth+) [demonic ancestry]
  3084 | D:4      | Reached XP level 6. HP: 43/43 MP: 6/6
  3332 | D:4      | Noticed Eustachio
  3336 | D:4      | Found a staircase to the Ecumenical Temple.
  3343 | D:4      | Killed Eustachio
  3344 | D:4      | Reached skill level 3 in Maces & Flails
  3344 | D:4      | Gained mutation: You sometimes gain power by taking damage.
                  | [demonic ancestry]
  3344 | D:4      | Reached XP level 7. HP: 48/49 MP: 7/7
  3653 | D:4      | Found a runed translucent door.
  3679 | D:4      | Noticed Crazy Yiuf
  3812 | D:4      | Killed Crazy Yiuf
  3868 | D:5      | Entered Level 5 of the Dungeon
  3875 | D:4      | Reached skill level 4 in Maces & Flails
  3893 | D:4      | Reached skill level 5 in Fighting
  4032 | D:5      | Reached XP level 8. HP: 34/55 MP: 8/8
  4157 | D:5      | Reached skill level 5 in Maces & Flails
  4338 | D:5      | Reached skill level 5 in Armour
  4826 | D:6      | Reached skill level 6 in Maces & Flails
  5150 | D:6      | Gained mutation: You have a pair of small antennae on your
                  | head. [demonic ancestry]
  5150 | D:6      | Reached XP level 9. HP: 63/63 MP: 9/9
  5370 | D:6      | Reached **** piety under Hepliaklqana
  5537 | D:7      | Reached skill level 7 in Maces & Flails
  6123 | D:7      | Noticed Maggie
  6161 | D:7      | Mangled by a slime creature

Illustrated notes

Levels and vault maps discovered:
D:1:      tarquinn_simple_flora_water_f, layout_loops_ring,
          basic_ecumenical_altar, grunt_decor_arrowhead,
          grunt_decor_mini_mirrors, palyth_stone_intersect,
          minmay_misc_feat_ornament
D:2:      layout_basic, minmay_misc_feat_iff
D:3:      layout_basic, trog_hazing_becter
D:4:      layout_basic, minmay_temple_entry_sparse_star,
          uniq_crazy_yiuf_cottage, uniq_eustachio
D:5:      layout_rooms, corner_web_ring
D:6:      layout_loops_ring, minmay_bent
D:7:      layout_basic, grunt_ministairs_14, minivault_19, uniq_maggie

Skill      XL: |  1  2  3  4  5  6  7  8  9 |
---------------+----------------------------+-----
Long Blades    | 2 3 |  3.0
Shields        | 3 4 |  4.0
Armour         | 3 4 5 6 |  6.3
Maces & Flails | 2 3 4 6 7 |  7.6
Fighting       | 4 5 6 |  6.9

Action                   |  1- 3 |  4- 6 |  7- 9 || total
-------------------------+-------+-------+-------++-------
Melee: Mace              |    54 |    48 |   194 ||   296
       Long sword        |     8 |       |       ||     8
Invok: Ancestor Life: Kn |     1 |       |       ||     1
  Use: Potion            |       |       |     4 ||     4
 Stab: Distracted        |       |     1 |     2 ||     3
Armor: Scale mail        |    26 |       |       ||    26
       Chain mail        |     3 |    29 |    11 ||    43
       Plate armour      |       |       |   127 ||   127
Dodge: Dodged            |    31 |    15 |    54 ||   100
Block: Buckler           |    11 |    16 |    61 ||    88

Table legend: (Time is in decaauts)
 A = Elapsed time spent in this place.
 B = Non-inter-level travel time spent in this place.
 C = Inter-level travel time spent in this place.
 D = Time resting spent in this place.
 E = Time spent auto-exploring this place.
 F = Levels seen in this place.
 G = Mean time per level.
                   A        B        C        D        E       F      G
               +--------+--------+--------+--------+--------+-----+--------+
         Total |   6242 |   6035 |    207 |    971 |   3956 |   7 |  891.7 |
       Dungeon |   6242 |   6035 |    207 |    971 |   3956 |   7 |  891.7 |
               +--------+--------+--------+--------+--------+-----+--------+

Top non-repeatable levels by time:
     D:3: 1120 daAuts
     D:1: 1107 daAuts
     D:4: 1092 daAuts
     D:6: 909 daAuts
     D:2: 687 daAuts
     D:5: 686 daAuts
     D:7: 638 daAuts
